 Dungeon Crawl Stone Soup version 0.21.1-1-g345015f (webtiles) character file.

67358 Galewin the Severer (level 14, -6/202 HPs)
             Began as a Minotaur Berserker on May 17, 2018.
             Was a High Priest of Trog.
             Mangled by an orc knight
             ... wielding a +0 war axe
              (14 damage)
             ... on level 2 of the Orcish Mines.
             The game lasted 00:47:39 (16141 turns).

Galewin the Severer (Minotaur Berserker)           Turns: 16141, Time: 00:47:40

Health: -6/202     AC: 28    Str: 34    XL:     14   Next: 82%
Magic:  22/22      EV: 12    Int:  4    God:    Trog [*****.]
Gold:   822        SH:  0    Dex:  7    Spells: 13/13 levels left

rFire    . . .     SeeInvis +   D - +7 broad axe (chop)
rCold    . . .     Gourm    .   (no shield)
rNeg     . . .     Faith    .   v - +4 plate armour of Sooqilin {MP+9 SInv Stlth-}
rPois    +         Spirit   .   (helmet restricted)
rElec    .         Reflect  .   m - +0 cloak
rCorr    .         Harm     .   l - +2 pair of gloves
MR       ++++.                  s - +1 pair of boots "Least" {+Blink rPois MR++ Dex-3}
Stlth    ..........             (no amulet)
HPRegen  0.43/turn              E - ring of protection from magic
MPRegen  0.18/turn              (no ring)

@: berserking, drained, very quick
A: retaliatory headbutt, horns 2, blurry vision 1, strong 1
a: Berserk, Trog's Hand, Brothers in Arms, Burn Spellbooks, Renounce Religion,
Evoke Blink


You were on level 2 of the Orcish Mines.
You worshipped Trog.
Trog was extremely pleased with you.
You were hungry.

You visited 2 branches of the dungeon, and saw 17 of its levels.

You collected 1969 gold pieces.
You spent 1147 gold pieces at shops.

Inventory:

Hand Weapons
 D - a +7 broad axe of chopping (weapon)
Armour
 a - a +0 plate armour
 l - a +2 pair of gloves (worn)
 m - a +0 cloak (worn)
 s - the +1 pair of boots "Least" (worn) {+Blink rPois MR++ Dex-3}
   (You found it on level 13 of the Dungeon)

   It affects your dexterity (-3).
   It protects you from poison.
   It affects your resistance to hostile enchantments.
   It lets you blink.
 v - the +4 plate armour of Sooqilin (worn) {MP+9 SInv Stlth-}
   (You bought it in a shop on level 15 of the Dungeon)

   It affects your magic capacity (+9).
   It lets you see invisible.
   It makes you less stealthy.
Jewellery
 g - a +6 ring of intelligence
 i - an uncursed ring of protection from cold
 C - an uncursed ring of ice
 E - a ring of protection from magic (left hand)
 F - an uncursed amulet of magic regeneration
Wands
 d - a wand of iceblast (7)
 t - a wand of flame (54)
 y - a wand of disintegration (4)
 A - a wand of acid (20)
 B - a wand of random effects (54)
Scrolls
 e - 2 scrolls of teleportation
 f - 8 scrolls of identify
 p - 10 scrolls of magic mapping
 z - 9 scrolls of remove curse
Potions
 b - 4 potions of might
 h - 7 potions of curing
 j - a potion of agility
 k - a potion of heal wounds
 n - 4 potions of haste
 o - 2 potions of berserk rage
 q - a potion of flight
 u - 3 potions of resistance
Miscellaneous
 r - a box of beasts
Comestibles
 c - 28 rations


   Skills:
 + Level 15.0(14.5) Fighting
 - Level 18.8(18.3) Axes
 + Level 14.8(14.3) Armour
 + Level 11.4(11.0) Dodging


You had 13 spell levels left.
You didn't know any spells.

Dungeon Overview and Level Annotations

Branches:
Dungeon (15/15) Temple (0/1) D:5 Lair (0/6) D:11 Orc (2/2) D:12 Elf (0/3) Orc:1 Orc:2 Vaults (0/5) D:14 Depths (0/5) D:15

Altars:
Gozag
Kikubaaqudgha
Makhleb
Nemelex Xobeh
Ru
Sif Muna
Xom
Zin

Shops:
D:12 *   D:15 [   Orc:1 !   Orc:2 [*

Annotations:
D:11 exclusion: 2 oklob plants
D:13 Sonja


Innate Abilities, Weirdness & Mutations

You reflexively headbutt those who attack you in melee.
You have a pair of horns on your head.
Scrolls take you a little longer to read.
Your muscles are strong. (Str +2)


Message History

Your iron troll bites the soul eater!
Your iron troll claws the soul eater!
Your iron troll claws the soul eater.
Found Moig's Antique Armour Boutique.
You closely miss the orc knight. You headbutt the orc knight!
The orc knight is lightly wounded.
The ufetubus hits your iron troll.
The ufetubus hits your iron troll but does no damage.
The neqoxec gestures.
The soul eater hits your iron troll!
The neqoxec gestures.
You closely miss the orc knight. Your headbutt misses the orc knight.
The orc knight is lightly wounded.
You miss the sixfirhy.
The sixfirhy hits you but does no damage.
The sixfirhy closely misses you.
The ufetubus hits your iron troll but does no damage.
The ufetubus hits your iron troll.
The orc priest looks encouraged for a moment.
The orc knight hits you with a war axe!
You die...

## § ∩## #.# 4∩##
..5o# ..##
.3ooo3##o3#
..oo3o3T@.#
.ooooo5#..#
..5ooo##))##
....5##.)))#
#o#......#.#
#.#.....##.#
#.#...###..#
#.######..##
...####.####...##


You could see 3 orc knights, 2 soul eaters, 3 orc high priests, an ice devil, a
sixfirhy, 2 neqoxecs, 2 orc sorcerers, 5 orc warriors, an orc priest, 3 orc
wizards, a quasit, a crimson imp, a white imp, an ufetubus and a friendly iron
troll (berserk).

Vanquished Creatures
  Rupert (D:14)
  Gastronok (D:10)
  Frances (D:13)
  Azrael (Orc:2)
  Snorg (D:13)
  Erolcha (Orc:2)
  An ogre mage (Orc:1)
  2 yaktaur captains
  2 hydras (D:15)
  10 two-headed ogres
  2 dancing weapons (D:14)
  2 centaur warriors (D:15)
  2 orc high priests (Orc:2)
  5 tengu warriors
  Nergalle (D:10)
  Urug (D:14)
  3 unseen horrors
  A wizard (D:14)
  The ghost of MrSolrac the Fighter, a novice MiBe of Trog (D:6)
  An orc knight (Orc:2)
  An ugly thing (D:12)
  7 orc sorcerers
  A deep elf mage (D:13)
  4 cyclopes
  A manticore (D:14)
  2 gargoyles
  3 centaur skeletons
  A redback zombie (D:12)
  3 komodo dragons (D:11)
  A tengu conjurer (D:15)
  4 trolls
  2 hornets
  2 dream sheep (D:8)
  9 slime creatures (D:12)
  5 hippogriffs
  A centaur simulacrum (D:15)
  3 shadows
  5 wraiths
  2 water elementals (D:15)
  A tarantella (shapeshifter) (D:13)
  4 wyverns
  2 fire elementals
  42 yaks
  2 hungry ghosts
  4 vampire mosquitoes
  5 wargs
  An acid dragon (D:11)
  5 hell hounds (Orc:2)
  3 water moccasins
  2 sky beasts
  17 orc warriors
  A swamp drake (D:11)
  4 black bears
  8 ice beasts
  12 ogres
  2 phantoms
  An eye of draining (D:11)
  15 centaurs
  A crocodile (D:11)
  7 big kobolds
  11 bullfrogs
  A gnoll sergeant (D:7)
  2 wyvern skeletons
  3 scorpions
  37 killer bees
  4 wights (D:12)
  An electric eel (D:6)
  6 centaur zombies
  2 lava snakes
  11 crimson imps
  2 quasits
  7 jellies
  3 bullfrog skeletons
  12 orc priests
  5 hounds
  24 orc wizards
  A bullfrog zombie (D:5)
  3 iron imps (D:4)
  2 iguanas
  14 worker ants
  A killer bee zombie (D:7)
  A bullfrog simulacrum (D:12)
  11 gnolls
  A howler monkey skeleton (D:6)
  17 adders
  A shadow imp (D:10)
  An ooze (D:1)
  An adder zombie (D:6)
  4 worms
  10 leopard geckos
  53 orcs
  4 ball pythons
  8 bats
  6 giant cockroaches
  13 goblins
  9 hobgoblins
  8 jackals
  5 quokkas
  4 frilled lizards
  A jackal zombie (D:5)
  33 kobolds
  A leopard gecko skeleton (D:9)
  2 quokka skeletons
  10 rats
  A fire vortex (D:13)
  A plant (D:6)
594 creatures vanquished.

Vanquished Creatures (collateral kills)
  4 hydras
  A cyclops (D:12)
  A freezing wraith (D:13)
  A troll (D:14)
  An acid dragon (D:14)
  A phantom (D:12)
  A big kobold (D:8)
  A bullfrog (D:12)
  A killer bee (D:6)
  A lava snake (D:13)
  A bullfrog zombie (D:12)
  An orc wizard (D:12)
  An orc (D:12)
16 creatures vanquished.

Vanquished Creatures (others)
  2 orcs (Orc:2)
  2 plants (D:15)
4 creatures vanquished.

Grand Total: 614 creatures vanquished

Notes
Turn   | Place    | Note
-------+----------+-------------------------------------------
     0 | D:1      | Galewin the Minotaur Berserker began the quest for the Orb.
     0 | D:1      | Reached XP level 1. HP: 19/19 MP: 0/0
    69 | D:1      | Reached skill level 4 in Axes
    78 | D:1      | Reached XP level 2. HP: 14/26 MP: 1/1
   260 | D:1      | Reached skill level 5 in Axes
   271 | D:1      | Reached ** piety under Trog
   306 | D:1      | Reached XP level 3. HP: 18/31 MP: 2/2
  1172 | D:2      | Reached XP level 4. HP: 25/39 MP: 3/3
  1176 | D:2      | Reached skill level 6 in Axes
  1639 | D:3      | Reached *** piety under Trog
  1647 | D:3      | Reached XP level 5. HP: 27/45 MP: 4/4
  1649 | D:3      | Reached skill level 7 in Axes
  1975 | D:3      | Found a glowing silver altar of Zin.
  1982 | D:3      | Found an ancient bone altar of Kikubaaqudgha.
  1985 | D:3      | Found a sparkling altar of Nemelex Xobeh.
  2190 | D:3      | Reached skill level 8 in Axes
  2375 | D:4      | Reached XP level 6. HP: 51/51 MP: 5/5
  2607 | D:4      | Found a burning altar of Makhleb.
  2625 | D:4      | Reached skill level 9 in Axes
  2946 | D:5      | Entered Level 5 of the Dungeon
  3022 | D:5      | Found a staircase to the Ecumenical Temple.
  3091 | D:5      | Reached **** piety under Trog
  3102 | D:5      | Noticed an ice beast
  3110 | D:5      | Killed an ice beast
  3110 | D:5      | Reached XP level 7. HP: 31/57 MP: 6/6
  3115 | D:5      | Reached skill level 10 in Axes
  3185 | D:5      | Found a shimmering altar of Xom.
  3812 | D:6      | Reached skill level 11 in Axes
  3866 | D:6      | Reached XP level 8. HP: 25/64 MP: 7/7
  4077 | D:6      | Reached skill level 12 in Axes
  4113 | D:6      | HP: 3/64 [poisoned by a killer bee]
  4119 | D:6      | HP: 2/64 [poisoned by a killer bee]
  4127 | D:6      | HP: 2/64 [poisoned by a killer bee]
  4220 | D:6      | Noticed MrSolrac's ghost (novice MiBe)
  4233 | D:6      | Killed MrSolrac's ghost
  4233 | D:6      | Reached skill level 13 in Axes
  4959 | D:6      | Reached XP level 9. HP: 59/70 MP: 8/8
  5287 | D:7      | Reached skill level 14 in Axes
  5309 | D:7      | Received a gift from Trog
  5450 | D:7      | Noticed a cyclops
  5914 | D:7      | Killed a cyclops
  5914 | D:7      | Reached skill level 15 in Axes
  6483 | D:8      | Reached skill level 5 in Fighting
  6483 | D:8      | Reached XP level 10. HP: 81/81 MP: 9/9
  6489 | D:8      | Reached skill level 16 in Axes
  6806 | D:8      | Reached ***** piety under Trog
  7046 | D:8      | Reached skill level 5 in Armour
  7183 | D:8      | Noticed a two-headed ogre
  7193 | D:8      | Killed a two-headed ogre
  7316 | D:8      | Noticed a three-headed hydra
  7321 | D:8      | Killed a three-headed hydra
  7502 | D:9      | Reached skill level 17 in Axes
  7508 | D:9      | Reached XP level 11. HP: 69/92 MP: 10/10
  7511 | D:9      | Found a deep blue altar of Sif Muna.
  8061 | D:9      | Found a sacrificial altar of Ru.
  8139 | D:10     | Entered Level 10 of the Dungeon
  8192 | D:10     | Received a gift from Trog
  8345 | D:10     | Noticed a two-headed ogre
  8353 | D:10     | Noticed Gastronok
  8354 | D:10     | Killed a two-headed ogre
  8355 | D:10     | Reached skill level 18 in Axes
  8366 | D:10     | Noticed Nergalle
  8373 | D:10     | Killed Gastronok
  8383 | D:10     | Killed Nergalle
  8585 | D:10     | Reached XP level 12. HP: 95/105 MP: 11/11
  8958 | D:11     | Received a gift from Trog
  9093 | D:11     | Reached skill level 10 in Fighting
  9235 | D:11     | Noticed a two-headed ogre
  9241 | D:11     | Killed a two-headed ogre
  9346 | D:11     | Noticed a two-headed ogre
  9354 | D:11     | Killed a two-headed ogre
  9354 | D:11     | Reached skill level 10 in Armour
  9476 | D:11     | Noticed a two-headed ogre
  9480 | D:11     | Killed a two-headed ogre
  9493 | D:11     | Reached skill level 5 in Dodging
  9536 | D:11     | Found a staircase to the Lair.
 10051 | D:12     | Received a gift from Trog
 10051 | D:12     | Reached XP level 13. HP: 117/117 MP: 12/12
 10398 | D:12     | Found Poryireb's Assorted Antiques.
 10835 | D:12     | Gained mutation: Scrolls take you a little longer to read. [potion of mutation]
 10835 | D:12     | Gained mutation: Your muscles are strong. (Str +2) [potion of mutation]
 10926 | D:12     | Found a staircase to the Orcish Mines.
 10952 | D:13     | Noticed Frances
 10961 | D:13     | Killed Frances
 11609 | D:13     | Found an opulent altar of Gozag.
 11697 | D:13     | Noticed Snorg
 11705 | D:13     | Killed Snorg
 11885 | D:13     | Noticed Sonja
 12026 | D:13     | Received a gift from Trog
 12051 | D:13     | Got a pair of transparent boots
 12054 | D:13     | Identified the +1 pair of boots "Least" {+Blink rPois MR++ Dex-3} (You found it on level 13 of the Dungeon)
 12141 | D:14     | Found a gate to the Vaults.
 12155 | D:14     | Noticed Rupert
 12164 | D:14     | Killed Rupert
 12405 | D:14     | Noticed Urug
 12418 | D:14     | Killed Urug
 12425 | D:14     | Reached XP level 14. HP: 70/129 MP: 13/13
 12974 | D:14     | Found a burning altar of Makhleb.
 13153 | D:15     | Entered Level 15 of the Dungeon
 13285 | D:15     | Reached skill level 10 in Dodging
 13517 | D:15     | Found a staircase to the Depths.
 14042 | D:15     | Found Bom Hyhif's Armour Shoppe.
 14461 | Orc:1    | Entered Level 1 of the Orcish Mines
 14627 | Orc:1    | Found a deep blue altar of Sif Muna.
 14710 | Orc:1    | Found Qamakk's Distillery.
 14880 | D:15     | Bought the +4 plate armour of Sooqilin {MP+9 SInv Stlth-} for 1147 gold pieces
 15078 | Orc:2    | Entered Level 2 of the Orcish Mines
 15078 | Orc:2    | Found a staircase to the Elven Halls.
 15094 | Orc:2    | Noticed Azrael
 15107 | Orc:2    | Killed Azrael
 15487 | Orc:2    | Noticed Erolcha
 15511 | Orc:2    | Killed Erolcha
 15519 | Orc:1    | HP: 1/133 [orc priest/divine providence (15)]
 15520 | Orc:1    | Noticed an orc warlord
 16113 | Orc:2    | Found Urhaleurph's General Store.
 16138 | Orc:2    | Reached skill level 15 in Fighting
 16139 | Orc:2    | Found Moig's Antique Armour Boutique.
 16139 | Orc:2    | HP: 8/202 [orc high priest/divine providence (11)]
 16141 | Orc:2    | Mangled by an orc knight

Skill      XL: |  1  2  3  4  5  6  7  8  9 10 11 12 13 14 |
---------------+-------------------------------------------+-----
Axes           | 4 5 6 8 9 11 13 15 17 18 | 18.8
Fighting       | 5 7 9 11 13 15 | 15.0
Armour         | 4 6 9 11 13 14 | 14.8
Dodging        | 6 9 11 | 11.4

Action                   |  1- 3 |  4- 6 |  7- 9 | 10-12 | 13-15 || total
-------------------------+-------+-------+-------+-------+-------++-------
Melee: Hand axe          |    62 |       |       |       |       ||    62
       Headbutt          |    11 |    27 |    42 |    98 |    92 ||   270
       War axe           |    23 |   142 |   265 |   119 |       ||   549
       Battleaxe         |       |       |       |   251 |       ||   251
       Broad axe         |       |       |       |   142 |   405 ||   547
Invok: Berserk           |     1 |     2 |     6 |     9 |     8 ||    26
       Trog's Hand       |       |     2 |     2 |     3 |     4 ||    11
       Brothers in Arms  |       |       |     2 |     1 |     9 ||    12
       Burn Spellbooks   |       |       |       |     1 |     4 ||     5
Evoke: Wand              |       |       |       |       |     1 ||     1
  Use: Scroll            |     3 |     1 |       |     9 |    19 ||    32
       Potion            |       |       |     1 |       |    11 ||    12
 Stab: Sleeping          |     1 |       |       |       |       ||     1
  Eat: Chunk             |     2 |     8 |    10 |    23 |    14 ||    57
       Ration            |       |       |     2 |       |     6 ||     8
Armor: Animal skin       |    18 |    19 |       |       |       ||    37
       Plate armour      |       |    11 |   161 |   290 |   287 ||   749
Dodge: Dodged            |    72 |    59 |    96 |   193 |   183 ||   603
